AoeStats
← GordoFactura

QS Arena

503512345Analyzed
2v2 RM · 1mo ago on Sep 1, 2026· 42m 2s· 4 players
Game mode
Random Map
Map size
Medium (4 player)
Population
200
Speed
Normal
Resources
Standard
Victory
Conquest
Starting age
Dark Age
Ending age
Imperial Age
RankedLock teamsTeams togetherTeam positionsShared explorationLock speedFull tech treeHidden civsTurbo modeCheats
Victory
Defeat
🇨🇱 Cumans · Chile
1135
+14
🇨🇱 Maya · Chile
992
+21
🇦🇷 Maya · Argentina
1143
-20
🇦🇷 Inca · Argentina
1044
-15
$$ Xeba $$ :D
4:16 Loom
6:35 Feudal Age
23:22 Forging
25:16 Castle Age
23:38 Double-Bit Axe
24:02 Horse Collar
24:30 Scale Barding Armor
26:19 Heavy Plow
26:52 Forging
27:03 Chain Barding Armor
27:18 Bloodlines
28:15 Iron Casting
29:12 Light Cavalry
36:40 Imperial Age
36:05 Wheelbarrow
36:55 Bow Saw
36:51 Elite Steppe Lancer
38:15 Crop Rotation
37:32 Hussar
39:18 Steppe Husbandry
40:41 Plate Barding Armor
41:07 Blast Furnace
Rbensinhop
8:46 Feudal Age
17:29 Castle Age
15:48 Fletching
15:46 Double-Bit Axe
15:43 Horse Collar
17:32 Crossbowman
18:25 Bodkin Arrow
21:09 Padded Archer Armor
22:20 Leather Archer Armor
24:02 Ballistics
23:07 Elite Skirmisher
30:58 Heavy Plow
35:47 Imperial Age
33:37 Thumb Ring
34:07 Bow Saw
35:05 Wheelbarrow
36:01 Arbalester
38:42 Chemistry
38:28 Bracer
38:59 Ring Archer Armor
39:38 Two-Man Saw
GordoFactura
9:43 Feudal Age
11:15 Loom
14:04 Castle Age
15:17 Padded Archer Armor
15:13 Gold Mining
15:16 Double-Bit Axe
16:38 Fletching
19:55 Leather Archer Armor
20:41 Bodkin Arrow
26:58 Bow Saw
28:07 Wheelbarrow
30:24 Ballistics
36:36 Imperial Age
34:56 Stone Mining
35:17 Town Watch
37:47 Ring Archer Armor
38:41 Two-Man Saw
38:16 Bracer
PalermoFanBoy
8:50 Feudal Age
13:20 Castle Age
11:14 Double-Bit Axe
11:11 Horse Collar
13:51 Loom
15:28 Bow Saw
17:53 Heavy Plow
20:54 Loom
26:03 Elite Skirmisher
29:44 Wheelbarrow
33:49 Gold Mining
34:02 Heavy Plow
36:59 Pikeman
40:16 Fletching
41:30 Scale Mail Armor
Connection lost

Rejoining the realm…

Still unreachable

The connection could not be restored.

Session expired

The server has moved on; the page needs a fresh start.